 Dungeon Crawl Stone Soup version 0.31-a0-234-gad7ace16ef (webtiles) character file.

Game seed: 3928514854826789404

163 Nattfarinn the Trooper (level 5, -2/37 HPs)
             Began as an Octopode Hexslinger on July 10, 2023.
             Was an Initiate of Ashenzari.
             Slain by an orc
             ... wielding a +0 flail
              (6 damage)
             ... on level 4 of the Dungeon.
             The game lasted 00:04:56 (2475 turns).

Nattfarinn the Trooper (Octopode Hexslinger)        Turns: 2475, Time: 00:04:56

Health: -2/37      AC:  1    Str:  7    XL:     5   Next: 44%
Magic:  4/6        EV: 13    Int: 15    God:    Ashenzari [......]
Gold:   96         SH:  0    Dex: 17    Spells: 5/6 levels left

rFire   . . .        a - +1 sling
rCold   + . .        c - orb {guile}
rNeg    . . .        (helmet restricted)
rPois   .            (no amulet)
rElec   .            i - ring of protection from cold
rCorr   .            (no ring)
SInv    .            (no ring)
Will    .....        (no ring)
Stlth   +++          (no ring)
HPRegen 0.26/turn    (no ring)
MPRegen 0.10/turn    (no ring)
                     (no ring)

%: no passive effects
@: no status effects
A: almost no armour, amphibious, 8 rings, camouflage 1, gelatinous body 1,
(nimble swimmer 1), tentacles
a: Renounce Religion


You were on level 4 of the Dungeon.
You worshipped Ashenzari.
Ashenzari was noncommittal.
You visited 1 branch of the dungeon, and saw 4 of its levels.

You collected 96 gold pieces.

Inventory:

Hand Weapons
 a - a +1 sling (weapon)
Armour
 c - an orb of guile (worn)
Jewellery
 i - a ring of protection from cold (left tentacle)
 n - a ring of poison resistance
Scrolls
 b - a scroll of poison
 d - a scroll of identify {unknown}
 e - a scroll of noise {unknown}
 h - a scroll of amnesia {unknown}
 j - 2 scrolls of teleportation {unknown}
 o - a scroll of enchant armour {unknown}
Potions
 f - a potion of berserk rage {unknown}
 g - a potion of curing {unknown}
 k - 2 potions of heal wounds {unknown}
 l - a potion of degeneration {unknown}
 m - 2 potions of might {unknown}


   Skills:
 * Level 4.2 Fighting
 + Level 3.5 Ranged Weapons
 - Level 2.0 Dodging
 - Level 1.0 Spellcasting
 - Level 3.0 Hexes


You had 5 spell levels left.
You knew the following spells:

 Your Spells              Type           Power      Damage    Failure   Level
a - Slow                  Hex            36%        N/A       7%          1

Your spell library contained the following spells:

 Spells                   Type           Power      Damage    Failure   Level
 Inner Flame              Hex/Fire       5%         N/A       36%         3
 Portal Projectile        Hex/Tloc       10%        N/A       36%         3
 Cause Fear               Hex            4%         N/A       56%         4


Dungeon Overview and Level Annotations

Branches:
Dungeon (4/15)             Temple (0/1) D:4

Altars:
Ashenzari
Elyvilon


Innate Abilities, Weirdness & Mutations

You cannot wear most types of armour.
You are amphibious.
You can wear up to eight rings at the same time.
Your skin changes colour to match your surroundings (Stealth+).
Your rubbery body absorbs attacks. (AC +1, EV +1)
((You are camouflaged when in or above water. (Stealth+)))
You have tentacles for arms and can constrict up to eight enemies at once.


Message History

The orc hits you with a +0 falchion.
You shoot a sling bullet. The sling bullet barely misses the orc.
The orc hits you but does no damage.
You shoot a sling bullet. The sling bullet hits the orc.
The orc is heavily wounded.
The orc misses you.
An orc comes into view. It is wielding a +0 dagger.
You shoot a sling bullet.
The sling bullet hits the orc but does no damage.
The orc closely misses you.
You shoot a sling bullet.
The sling bullet completely misses the orc.
The orc misses you.
You shoot a sling bullet. The sling bullet hits the orc.
The orc is almost dead.
The orc hits you with a +0 flail!
You shoot a sling bullet.
The sling bullet hits the orc but does no damage.
The orc is severely wounded.
The orc hits you with a +0 flail!
You are too injured to fight recklessly!
You are too injured to fight recklessly!
You are too injured to fight recklessly!
You see here a +0 trident.
Casting: Slow (safe; 7% risk of failure)
Confirm with . or Enter, or press ? or * to list all spells.
Aiming: Slow (safe; 7% risk of failure)
Press: ? - help, Shift-Dir - straight line, f/p - orc
Aim: an orc, wielding a +0 flail and wearing a +0 ring mail (severely wounded, chance to affect: 61%)
The orc resists with significant effort.
The orc hits you with a +0 flail. The orc attacks as you move away!
The orc hits you with a +0 flail!
* * * LOW HITPOINT WARNING * * *
Casting: Slow (safe; 7% risk of failure)
Confirm with . or Enter, or press ? or * to list all spells.
Aiming: Slow (safe; 7% risk of failure)
Press: ? - help, Shift-Dir - straight line, f/p - orc
Aim: an orc, wielding a +0 flail and wearing a +0 ring mail (severely wounded, chance to affect: 61%)
The orc seems to slow down.
The orc hits you with a +0 flail.
You die...

#...#.###...#
#...#.#.....#
#.#.....##.####
..##.#........# ##
...........##.# .#
##......[....>####.#
#.####..........#.#
#. #.########.#.# #.
#.# #@#.# #.# #o#.#
#.# #o.# ### #J###..
##o#.# ##?#
#)..Jo... #####.#.#


You could see 3 orcs and an endoplasm.

Vanquished Creatures
  A scorpion (D:3)
  4 adders
  2 worms
  3 dart slugs (D:1)
  2 orcs
  6 ball pythons
  3 bats
  4 endoplasms
  A giant cockroach (D:3)
  8 goblins
  2 hobgoblins
  6 jackals (D:3)
  2 quokkas
  2 frilled lizards (D:2)
  2 kobolds (D:2)
  3 rats
51 creatures vanquished.

Notes
Turn   | Place    | Note
-------+----------+-------------------------------------------
     0 | D:1      | Nattfarinn the Octopode Hexslinger began the quest for the
                  | Orb.
     0 | D:1      | Reached XP level 1. HP: 13/13 MP: 2/2
   179 | D:1      | Reached XP level 2. HP: 18/19 MP: 1/3
   217 | D:1      | Reached skill level 2 in Fighting
   539 | D:1      | Reached XP level 3. HP: 20/25 MP: 2/4
  1227 | D:2      | Reached skill level 3 in Fighting
  1785 | D:3      | Reached XP level 4. HP: 31/31 MP: 3/5
  1967 | D:3      | Noticed a scorpion
  1991 | D:3      | Killed a scorpion
  1992 | D:3      | Reached skill level 4 in Fighting
  1992 | D:3      | Reached XP level 5. HP: 36/37 MP: 4/6
  2332 | D:3      | Found a broken altar of Ashenzari.
  2341 | D:3      | Found a white marble altar of Elyvilon.
  2353 | D:3      | Became a worshipper of Ashenzari the Shackled
  2409 | D:4      | Found a staircase to the Ecumenical Temple.
  2475 | D:4      | Slain by an orc

Illustrated notes

Levels and vault maps discovered:
D:1:      sevenhm_arrival_forest_fort_small_6, layout_basic
D:2:      layout_loops_ring
D:3:      layout_rooms, mainiacjoe_overflow_swirl
D:4:      layout_loops_ring, minmay_temple_entry_slanted, st_stairs_12

Skill      XL: |  1  2  3  4 |
---------------+-------------+-----
Fighting       | 2 3 4 |  4.2
Ranged Weapons | 3 |  3.5
Dodging        | |  2.0
Spellcasting   | |  1.0
Hexes          | |  3.0

Action                     |  1- 3 |  4- 6 || total
---------------------------+-------+-------++-------
   Fire: Sling             |   113 |    89 ||   202
   Cast: Slow              |    27 |     6 ||    33
 Armour: Skin              |     6 |     5 ||    11
  Dodge: Dodged            |    26 |    38 ||    64

Table legend: (Time is in decaauts)
 A = Elapsed time spent in this place.
 B = Non-inter-level travel time spent in this place.
 C = Inter-level travel time spent in this place.
 D = Time resting spent in this place.
 E = Time spent auto-exploring this place.
 F = Levels seen in this place.
 G = Mean time per level.
                   A        B        C        D        E       F      G
               +--------+--------+--------+--------+--------+-----+--------+
         Total |   2527 |   2332 |    195 |     92 |   1812 |   4 |  631.8 |
       Dungeon |   2527 |   2332 |    195 |     92 |   1812 |   4 |  631.8 |
               +--------+--------+--------+--------+--------+-----+--------+

Top non-repeatable levels by time:
     D:1: 1052 daAuts
     D:2: 735 daAuts
     D:3: 647 daAuts
     D:4: 92 daAuts
